 Dungeon Crawl Stone Soup version 0.29-a0-284-gf9362112df (webtiles) character file.

Game seed: 410189260371492213

32433 spaghetti the Eclecticist (level 13, -5/193 HPs)
             Began as a Naga Earth Elementalist on Mar 22, 2022.
             Was the Champion of Cheibriados.
             Slain by an elephant (10 damage)
             ... on level 3 of the Lair of Beasts.
             The game lasted 00:25:59 (14398 turns).

spaghetti the Eclecticist (NaEE)                   Turns: 14398, Time: 00:26:00

Health: -5/193     AC: 30    Str: 25    XL:     13   Next: 64%
Magic:  6/33       EV:  1    Int: 37    God:    Cheibriados [******]
Gold:   909        SH:  5    Dex: 28    Spells: 34/44 levels left

rFire   . . .      SeeInvis +   j - staff of conjuration {!a@e2staff}
rCold   . . .      Faith    .   f - +0 buckler
rNeg    . . .      Spirit   .   (body armour currently unavailable)
rPois   +          Reflect  .   (helmet currently unavailable)
rElec   .          Harm     .   (cloak currently unavailable)
rCorr   +          Rampage  .   (gloves currently unavailable)
Will    +....      NoTele   +   (no barding)
Stlth   +++.......              y - amulet of regeneration {@e2}
HPRegen 1.22/turn               i - ring of resist corrosion
MPRegen 0.23/turn               G - +4 ring of protection

@: tree-form, on berserk cooldown, slowed, very slow
A: stationary, stasis, torment immunity, boosted hp, AC +4, large, see
invisible, (deformed body), (poison resistance), (slowness 2), spit poison 1,
(naga tail 2), clever 1, (cold resistance 1)
a: Spit Poison, Renounce Religion, Bend Time, Temporal Distortion, Slouch, Step
From Time


You were on level 3 of the Lair of Beasts.
You worshipped Cheibriados.
Cheibriados was exalted by your worship.
You were a tree.
You visited 2 branches of the dungeon, and saw 12 of its levels.

You collected 909 gold pieces.


Innate Abilities, Weirdness & Mutations

You are a tree.
Your roots penetrate the ground, keeping you stationary.
You cannot be teleported.
You are immune to unholy pain and torment.
Your maximum health is greatly increased.
Your equipment is partially melded.
((Your serpentine skin is tough. (AC +4)))
You have supernaturally acute eyesight. (SInv)
((Armour fits poorly on your strangely shaped body.))
((Your system is resistant to poisons. (rPois)))
((You cover ground very slowly.))
You can spit poison.
((You can use your snake-like lower body to constrict enemies.))
Your mind is acute. (Int +2)
((Your flesh is cold resistant. (rC+)))


   Skills:
 + Level 12.0 Fighting
 - Level 1.5 Dodging
 - Level 3.0 Stealth
 - Level 16.0 Spellcasting
 * Level 6.3 Conjurations
 - Level 1.0 Transmutations
 - Level 2.0 Fire Magic
 - Level 5.0 Earth Magic


You had 34 spell levels left.
You knew the following spells:

 Your Spells              Type           Power      Damage    Failure   Level
a - Sandblast             Erth           100%       2d20      1%          1
b - Passwall              Tmut/Erth      42%        N/A       1%          2
c - Stone Arrow           Conj/Erth      100%       3d13      1%          3
d - Sticky Flame          Conj/Fire      74%        2d9       2%          4

Your spell library contained the following spells:

 Spells                   Type           Power      Damage    Failure   Level
 Beastly Appendage        Tmut           74%        N/A       1%          1
 Scorch                   Fire           88%        2d9       1%          2
 Static Discharge         Conj/Air       68%        N/A       1%          2
 Wereblood                Tmut           37%        N/A       1%          2
 Ensorcelled Hibernation  Hex/Ice        58%        N/A       2%          2
 Flame Wave               Conj/Fire      74%        2d13      2%          4
 Spider Form              Tmut/Pois      33%        N/A       3%          3
 Frozen Ramparts          Ice            58%        1d7       4%          3
 Swiftness                Air            29%        N/A       4%          3
 Petrify                  Tmut/Erth      51%        N/A       4%          4
 Ice Form                 Ice/Tmut       33%        N/A       12%         4
 Dispel Undead            Necr           29%        3d13      14%         4
 Summon Ice Beast         Ice/Summ       29%        N/A       14%         4
 Summon Cactus Giant      Summ           14%        N/A       92%         6
 Polar Vortex             Ice            14%        N/A       100%        9

Inventory:

Hand Weapons
 g - a +1 vampiric spear {polearm}
   (You took it off a merfolk siren on level 2 of the Lair of Beasts)
 M - a +1 war axe of freezing {axe}
   (You found it on level 3 of the Lair of Beasts)
Missiles
 a - 230 stones {throwing}
 u - 29 poisoned darts {throwing}
 D - 14 boomerangs {throwing}
 J - 2 throwing nets {=f!fthrowing}
 P - 2 curare-tipped darts {=fthrowing}
 Q - 4 javelins {throwing}
Armour
 b - a +0 robe (melded)
 f - a +0 buckler (worn)
   (You found it on level 1 of the Dungeon)
 l - a +1 helmet
   (You found it on level 1 of the Dungeon)
 K - a +2 hat
   (You took it off Gastronok on level 3 of the Lair of Beasts)
 U - a +2 cloak of willpower (melded)
   (You found it on level 8 of the Dungeon)
Magical Staves
 c - a staff of poison {!astaff}
   (You took it off a centaur warrior on level 8 of the Dungeon)
 j - a staff of conjuration (weapon) {!a@e2staff}
   (You found it on level 1 of the Dungeon)
 w - a staff of death {!astaff}
   (You found it on level 3 of the Dungeon)
 L - a staff of poison {!astaff}
   (You found it on level 6 of the Dungeon)
 V - a staff of poison {!astaff}
   (You found it on level 8 of the Dungeon)
Jewellery
 d - a ring of protection from fire
   (You took it off an orc warrior on level 8 of the Dungeon)
 h - a ring of protection from cold
   (You took it off a wight on level 8 of the Dungeon)
 i - a ring of resist corrosion (left branch)
   (You found it on level 1 of the Dungeon)
 y - an amulet of regeneration (around neck) {@e2}
   (You found it on level 3 of the Dungeon)
 G - a +4 ring of protection (right branch)
   (You found it on level 4 of the Dungeon)
 H - a ring of fire
   (You found it on level 9 of the Dungeon)
 Y - a ring of protection from cold
   (You took it off a wight on level 8 of the Dungeon)
Wands
 o - a wand of iceblast (2)
   (You found it on level 7 of the Dungeon)
 x - a wand of paralysis (4)
   (You found it on level 3 of the Dungeon)
 I - a wand of flame (18)
   (You took it off Ijyb on level 5 of the Dungeon)
Scrolls
 e - a scroll of brand weapon
 k - 2 scrolls of teleportation {@r4}
 n - a scroll of holy word
 q - 4 scrolls of immolation {!r!r}
 t - a scroll of noise {!r}
 A - a scroll of enchant weapon
 B - a scroll of fear
 E - a scroll of identify {@r1}
 R - a scroll of enchant armour
Potions
 m - 2 potions of flight
 p - 2 potions of haste {forbidden@q3}
 s - 2 potions of cancellation
 v - 5 potions of curing {@q1}
 z - 2 potions of might
 C - 3 potions of lignification {!q}
 F - a potion of resistance
 S - a potion of ambrosia
Miscellaneous
 r - a phantom mirror (inert)
   (You found it on level 8 of the Dungeon)
 T - a tin of tremorstones (inert) {throwing}
   (You found it on level 8 of the Dungeon)

Dungeon Overview and Level Annotations

Branches:
Dungeon (9/15)             Temple (0/1) D:4            Lair (3/6) D:8
 Shoals (0/4) Lair:2       Spider (0/4) Lair:3          Orc (0/2) D:9

Altars:
Ashenzari
Cheibriados
Elyvilon
Fedhas
Kikubaaqudgha
Makhleb
Okawaru
Qazlal
Uskayaw
Wu Jian
Zin

Shops:
D:1 [   D:4 *   D:6 *   D:7 [

Annotations:
D:6 2 transporters, bearlyready's ghost, novice TeGl

...........# ........#
...P#P.†##.# #.......#
...........# #P......# ..
♣.........# P......#..#.
♣.........####..##..#....
♣.♣.........##............
♣#.#.##...##........^...
♣#....#Y†####.....[.....
♣....lY♣Y# ##...........
♣.....#..###..........#.
♣#.......##.#...........
♣....#...............##
♣.....#.................
♣#.P.......##########...
..........# #...
#.##......# #... ♣
#......# #...


You could see a death yak, 2 elephants and a komodo dragon.


Message History

😨 HP[-19]
You take 19 damage, and now have 73/289 hp.
You hit the yak!
The elephant tramples you but does no damage.
The elephant trunk-slaps you but does no damage.
You block the elephant's attack.
The elephant trunk-slaps you but does no damage.
The yak gores you but does no damage.
The elephant tramples you but does no damage.
The elephant trunk-slaps you but does no damage.
The yak gores you but does no damage.
The elephant tramples you but does no damage.
The elephant trunk-slaps you but does no damage. 😨 HP[+1] MP[+1]
You barely miss the yak.
A komodo dragon comes into view.
The yak gores you!
* * * LOW HITPOINT WARNING * * *
The elephant tramples you.
* * * LOW HITPOINT WARNING * * *
The elephant trunk-slaps you but does no damage.
The elephant tramples you.
* * * LOW HITPOINT WARNING * * *
The elephant trunk-slaps you but does no damage. 😱 HP[-18]
You take 18 damage, and now have 56/289 hp.
You hit the yak. The yak gores you!
* * * LOW HITPOINT WARNING * * *
You block the elephant's attack.
The elephant trunk-slaps you but does no damage.
The elephant tramples you but does no damage.
The elephant trunk-slaps you but does no damage. 😱 HP[-10]
You take 10 damage, and now have 46/289 hp.
You hit the yak! The elephant tramples you!
* * * LOW HITPOINT WARNING * * *
The elephant trunk-slaps you but does no damage.
The elephant tramples you but does no damage.
The elephant trunk-slaps you but does no damage.
The death yak gores you!
* * * LOW HITPOINT WARNING * * *
You block the yak's attack. 😱 HP[-22]
You take 22 damage, and now have 24/289 hp.
Unknown command.
You are too berserk!
Unknown command.
You are too berserk!
Unknown command.
You are too berserk!
You hit the yak!
You kill the yak!
Cheibriados thoroughly appreciates the change of pace.
The death yak gores you but does no damage.
You block the elephant's attack.
The elephant trunk-slaps you but does no damage.
The elephant tramples you but does no damage.
The elephant completely misses you. You block the elephant's attack.
The elephant trunk-slaps you but does no damage.
The death yak gores you but does no damage.
The elephant tramples you.
* * * LOW HITPOINT WARNING * * *
The elephant trunk-slaps you but does no damage. 😱 HP[-1] MP[+1]
You take 1 damage, and now have 23/289 hp.
Unknown command.
You hit the elephant! The elephant tramples you.
* * * LOW HITPOINT WARNING * * *
The elephant trunk-slaps you but does no damage.
The elephant tramples you but does no damage.
The elephant trunk-slaps you but does no damage.
The death yak gores you but does no damage. 😱 HP[-4]
You take 4 damage, and now have 19/289 hp.
You hit the elephant.
The death yak gores you but does no damage.
The elephant tramples you but does no damage.
The elephant trunk-slaps you but does no damage.
The elephant tramples you.
* * * LOW HITPOINT WARNING * * *
You block the elephant's attack. 😱 HP[+1] Unknown command.
You hit the elephant. The death yak gores you.
* * * LOW HITPOINT WARNING * * *
The elephant tramples you but does no damage.
The elephant trunk-slaps you but does no damage.
You block the elephant's attack.
The elephant trunk-slaps you but does no damage. 😱 HP[-2] MP[+1]
You take 2 damage, and now have 18/289 hp.
Unknown command.
You hit the elephant!
You are no longer berserk.
You are exhausted.
You feel yourself slow down. The death yak gores you!
* * * LOW HITPOINT WARNING * * *
The elephant tramples you!
You die...

Skill      XL: |  1  2  3  4  5  6  7  8  9 10 11 12 13 |
---------------+----------------------------------------+-----
Conjurations   | 1 2 3 5 6 |  6.3
Earth Magic    | 4 5 |  5.0
Spellcasting   | 3 5 8 11 13 16 | 16.0
Fighting       | 2 8 12 | 12.0
Fire Magic     | 2 |  2.0
Dodging        | |  1.5
Stealth        | |  3.0
Transmutations | |  1.0

Action                   |  1- 3 |  4- 6 |  7- 9 | 10-12 | 13-15 || total
-------------------------+-------+-------+-------+-------+-------++-------
Melee: Staff             |    15 |   109 |    98 |    56 |    60 ||   338
       Constrict         |       |       |       |       |    12 ||    12
 Cast: Sandblast         |    41 |    14 |       |       |       ||    55
       Stone Arrow       |       |    28 |    75 |   162 |   115 ||   380
 Abil: Spit Poison       |     7 |     2 |     3 |     2 |     1 ||    15
Evoke: Wand              |       |     5 |       |     3 |     1 ||     9
       Tin of tremorston |       |       |       |       |     2 ||     2
       Phantom mirror    |       |       |       |       |     1 ||     1
  Use: Scroll            |       |     1 |    12 |     9 |     1 ||    23
       Potion            |       |       |       |     7 |     2 ||     9
 Stab: Paralysed         |       |    17 |       |     8 |       ||    25
Armor: Robe              |     7 |    38 |    82 |    67 |    69 ||   263
       Skin              |       |       |       |       |    44 ||    44
Dodge: Dodged            |    15 |    61 |    82 |    80 |    75 ||   313
Block: Buckler           |     3 |    25 |    45 |    40 |    38 ||   151

Levels and vault maps discovered:
D:1:      saegor_arrival_under_anarchy, layout_basic,
          shapermc_ecumenical_altar_mp_urbaneastern, serial_shops, shop_coins,
          hangedman_decor_slide_cut
D:2:      layout_loops_ring, serial_bayou_pond_d
D:3:      layout_loops_cross, grunt_temple_overflow_open, dk_vineyard_1
D:4:      layout_loops_corners, minmay_temple_entry_proselytizer, serial_shops,
          shop
D:5:      layout_basic, minmay_misc_feat_iff, uniq_ijyb, uniq_menkaure
D:6:      layout_cave_pools, mainiacjoe_overflow_chevrons,
          nicolae_elyvilon_peaceful_grove, serial_shops, shop,
          gammafunk_ghost_hive
D:7:      layout_gridville, tgw_kikubaaqudgha, serial_shops, shop
D:8:      minmay_the_grid_plus_closed [minmay_the_grid_plusring,
          minmay_the_grid_small_cups, minmay_the_grid_minigrid_large,
          minmay_the_grid_minigrid_small, minmay_the_grid_prize_trominoes],
          layout_loops_corners, grunt_temple_overflow_forces_of_nature,
          hangedman_decor_peaks_small
D:9:      layout_basic, mainiacjoe_overflow_alcove_1, dk_rats_in_the_wall
Lair:1:   wander_river, layout_chaotic_city, nicolae_lair_liquid_snakes,
          uniq_erica
Lair:2:   layout_cave_pods, elwin_shoals_entry_stream, grunt_megastairs_3,
          serial_bayou_shore_b
Lair:3:   dpeg_oklob_gauntlet, layout_chaotic_city,
          hellmonk_spider_entry_not_the_bees, st_stairs_6, wad_woods_river_02,
          uniq_gastronok

Notes
Turn   | Place    | Note
-------+----------+-------------------------------------------
     0 | D:1      | spaghetti the Naga Earth Elementalist began the quest for
                  | the Orb.
     0 | D:1      | Reached XP level 1. HP: 15/15 MP: 3/3
     0 | D:1      | magus.rc [v1.9.6]
   313 | D:1      | Found Plog's Antique Armour Shop.
   494 | D:1      | Reached XP level 2. HP: 22/22 MP: 3/5
   903 | D:1      | Found a faded altar of an unknown god.
   913 | D:1      | Prayed at the altar of an unknown god.
   913 | D:1      | Became a worshipper of Cheibriados the Contemplative
   913 | D:1      | Reached * piety under Cheibriados
  1056 | D:1      | Learned a level 2 spell: Passwall
  1461 | D:2      | Reached XP level 3. HP: 28/28 MP: 4/6
  1465 | D:2      | Learned a level 3 spell: Stone Arrow
  2007 | D:2      | Reached ** piety under Cheibriados
  2008 | D:2      | Reached skill level 1 in Conjurations
  2172 | D:3      | Reached XP level 4. HP: 36/36 MP: 4/8
  2174 | D:3      | Reached skill level 4 in Earth Magic
  2286 | D:3      | Found a burning altar of Makhleb.
  2291 | D:3      | Found a hide-covered altar of Uskayaw.
  2291 | D:3      | Found an iron altar of Okawaru.
  2294 | D:3      | Found an ornate altar of the Wu Jian Council.
  2318 | D:3      | You pick up a book of Changes and begin reading...
  2318 | D:3      | You add the spells Beastly Appendage, Wereblood and Spider
                  | Form to your library.
  2840 | D:3      | Reached skill level 3 in Spellcasting
  3121 | D:3      | Reached *** piety under Cheibriados
  3683 | D:4      | Found a staircase to the Ecumenical Temple.
  3692 | D:4      | Reached skill level 2 in Conjurations
  3692 | D:4      | Reached XP level 5. HP: 34/42 MP: 5/9
  3737 | D:4      | Noticed a black bear
  3767 | D:4      | Killed a black bear
  3768 | D:4      | Reached skill level 3 in Conjurations
  3768 | D:4      | Reached XP level 6. HP: 46/49 MP: 1/10
  4022 | D:4      | Found Duleotsi's Assorted Antiques.
  4258 | D:4      | Reached skill level 4 in Conjurations
  4658 | D:5      | Entered Level 5 of the Dungeon
  4674 | D:4      | Reached skill level 5 in Earth Magic
  4794 | D:5      | Reached skill level 5 in Conjurations
  4794 | D:5      | Reached XP level 7. HP: 50/55 MP: 1/12
  4860 | D:5      | Reached skill level 4 in Spellcasting
  4965 | D:5      | Noticed Ijyb
  4969 | D:5      | Reached **** piety under Cheibriados
  4970 | D:5      | Killed Ijyb
  5186 | D:5      | You pick up a book of Burglary and begin reading...
  5186 | D:5      | You add the spells Ensorcelled Hibernation and Swiftness to
                  | your library.
  5239 | D:5      | Noticed Menkaure
  5247 | D:5      | Killed Menkaure
  5248 | D:5      | Reached skill level 5 in Spellcasting
  5264 | D:5      | Reached XP level 8. HP: 46/62 MP: 3/16
  5812 | D:6      | Noticed a hornet
  5840 | D:6      | Reached skill level 6 in Spellcasting
  6118 | D:6      | Found Mylaugih's General Store.
  6322 | D:6      | Found a transporter.
  6324 | D:6      | Found a transporter.
  6327 | D:6      | Noticed a queen bee
  6438 | D:6      | Found a white marble altar of Elyvilon.
  6556 | D:6      | Found a broken altar of Ashenzari.
  6603 | D:6      | Noticed bearlyready's ghost (novice TeGl)
  6651 | D:7      | Reached skill level 7 in Spellcasting
  6717 | D:7      | Noticed a kobold demonologist
  6723 | D:7      | Reached ***** piety under Cheibriados
  6725 | D:7      | Noticed a red devil
  6726 | D:7      | Reached skill level 8 in Spellcasting
  6732 | D:7      | Reached XP level 9. HP: 51/68 MP: 2/21
  6732 | D:7      | Killed a kobold demonologist
  6733 | D:7      | Reached skill level 9 in Spellcasting
  6859 | D:7      | Found Zioghil's Armour Emporium.
  7279 | D:7      | Found an ancient bone altar of Kikubaaqudgha.
  7497 | D:7      | Reached skill level 10 in Spellcasting
  7980 | D:8      | Noticed a two-headed ogre
  7987 | D:8      | Killed a two-headed ogre
  7988 | D:8      | Reached skill level 11 in Spellcasting
  7988 | D:8      | Reached XP level 10. HP: 75/75 MP: 11/25
  8293 | D:8      | Noticed a guardian serpent
  8293 | D:8      | Noticed a centaur warrior
  8294 | D:8      | Noticed a cyclops
  8297 | D:8      | Noticed a harpy
  8297 | D:8      | a guardian serpent changed into a harpy
  8298 | D:8      | Killed a harpy
  8299 | D:8      | Reached skill level 12 in Spellcasting
  8306 | D:8      | Noticed a two-headed ogre
  8363 | D:8      | HP: 17/75 [centaur warrior/staff of poison (4)]
  8367 | D:8      | Killed a centaur warrior
  8368 | D:8      | HP: 17/75 [gnoll sergeant/+0 spear (4)]
  8371 | D:8      | Reached skill level 13 in Spellcasting
  8543 | D:8      | Killed a two-headed ogre
  8711 | D:8      | Got The Last Secrets of Witchery
  8743 | D:8      | You pick up a book of Scorching and begin reading...
  8743 | D:8      | You add the spells Scorch, Flame Wave and Summon Cactus
                  | Giant to your library.
  8776 | D:8      | Noticed a steelbarb worm
  8777 | D:8      | Noticed a moth of wrath
  8777 | D:8      | a steelbarb worm changed into a moth of wrath
  8780 | D:8      | Killed a moth of wrath
  8781 | D:8      | Reached XP level 11. HP: 81/81 MP: 15/28
  8870 | D:8      | Killed a cyclops
  8871 | D:8      | Reached skill level 14 in Spellcasting
  9107 | D:8      | Found a staircase to the Lair.
  9210 | D:8      | You pick up a book of Burglary and begin reading...
  9525 | D:8      | Found a stormy altar of Qazlal.
  9528 | D:8      | Found a blossoming altar of Fedhas.
  9542 | D:8      | Reached ****** piety under Cheibriados
  9860 | D:9      | Noticed a two-headed ogre
  9866 | D:9      | Killed a two-headed ogre
 10099 | D:9      | Found a staircase to the Orcish Mines.
 10099 | D:9      | Noticed a two-headed ogre
 10108 | D:9      | Killed a two-headed ogre
 10109 | D:9      | Reached skill level 15 in Spellcasting
 10381 | D:9      | Found a glowing silver altar of Zin.
 10716 | D:9      | Identified a potion of experience
 11009 | Lair:1   | Entered Level 1 of the Lair of Beasts
 11404 | Lair:1   | Noticed Erica
 11408 | Lair:1   | Killed Erica
 11547 | Lair:1   | You pick up a book of Touch and begin reading...
 11547 | Lair:1   | You add the spells Static Discharge, Sticky Flame and
                  | Dispel Undead to your library.
 11728 | Lair:1   | Reached skill level 1 in Fighting
 11887 | Lair:1   | Reached skill level 2 in Fighting
 11887 | Lair:1   | Reached skill level 16 in Spellcasting
 11887 | Lair:1   | Reached XP level 12. HP: 77/93 MP: 16/32
 11887 | Lair:1   | Gained mutation: Your flesh is cold resistant. (rC+)
                  | [potion of mutation]
 11887 | Lair:1   | Gained mutation: Your mind is acute. (Int +2) [potion of
                  | mutation]
 11888 | Lair:1   | Reached skill level 8 in Fighting
 11888 | Lair:1   | Gained mutation: You can use your snake-like lower body to
                  | constrict enemies. [Naga growth]
 11888 | Lair:1   | Reached XP level 13. HP: 101/120 MP: 16/33
 12032 | Lair:1   | Reached skill level 9 in Fighting
 12620 | Lair:2   | Reached skill level 10 in Fighting
 12735 | Lair:2   | You pick up a book of Rime and begin reading...
 12735 | Lair:2   | You add the spells Frozen Ramparts, Ice Form and Summon Ice
                  | Beast to your library.
 13217 | Lair:2   | Reached skill level 11 in Fighting
 13430 | Lair:2   | Learned a level 4 spell: Sticky Flame
 13554 | Lair:2   | Found a staircase to the Shoals.
 13821 | Lair:3   | Noticed Gastronok
 13830 | Lair:3   | Killed Gastronok
 13936 | Lair:3   | Found a hole to the Spider Nest.
 13943 | Lair:3   | Reached skill level 1 in Fire Magic
 13963 | Lair:3   | HP: 29/128 [cane toad (8)]
 14367 | Lair:3   | Reached skill level 6 in Conjurations
 14367 | Lair:3   | Reached skill level 2 in Fire Magic
 14374 | Lair:3   | Reached skill level 12 in Fighting
 14391 | Lair:3   | HP: 65/289 [yak (11)]
 14393 | Lair:3   | HP: 24/289 [death yak (15)]
 14398 | Lair:3   | HP: 5/193 [death yak (9)]
 14398 | Lair:3   | Slain by an elephant

Vanquished Creatures
  Gastronok (Lair:3)
  A hydra (Lair:3)
  A centaur warrior (D:8)
  Erica (Lair:1)
  4 two-headed ogres
  A harpy (shapeshifter) (D:8)
  A cyclops (D:8)
  An elephant (Lair:3)
  A moth of wrath (shapeshifter) (D:8)
  3 merfolk sirens (Lair:2)
  7 cane toads
  6 komodo dragons
  A troll (D:9)
  A merfolk (Lair:2)
  A meliai (Lair:3)
  10 blink frogs
  A slime creature (D:8)
  A culicivora (shapeshifter) (D:8)
  12 yaks
  2 steam dragons
  Menkaure (D:5)
  An acid dragon (D:8)
  5 water moccasins
  4 orc warriors
  5 black bears
  3 sky beasts
  2 ogres (D:5)
  9 wolves
  2 centaurs
  2 kobold brigands (D:7)
  A necrophage (D:7)
  9 bullfrogs
  A gnoll sergeant (D:8)
  2 scorpions
  15 wights
  6 killer bees
  3 howler monkeys (D:8)
  4 electric eels (Lair:1)
  3 lava snakes (Lair:1)
  5 hounds
  2 jellies
  6 orc priests
  4 gnoll shamans
  Ijyb (D:5)
  3 iguanas
  8 orc wizards
  15 gnolls
  8 adders
  3 shadow imps
  2 ufetubi
  2 worms
  2 dart slugs (D:4)
  14 orcs
  10 bats
  5 endoplasms
  4 goblins
  6 hobgoblins
  6 jackals (D:3)
  9 kobolds
  3 quokkas
  5 ball pythons
  5 frilled lizards
  4 rats
267 creatures vanquished.

Vanquished Creatures (collateral kills)
  A kobold demonologist (D:7)
  2 kobold brigands (D:7)
  3 kobolds (D:7)
6 creatures vanquished.

Vanquished Creatures (others)
  A human (D:7)
  An orc wizard (D:8)
  15 fungi
  23 plants
40 creatures vanquished.

Grand Total: 313 creatures vanquished

Table legend:
 A = Non-vault XP
 B = Vault XP
 C = Vault XP percentage of total XP
 D = Non-vault monster count
 E = Vault monster count
 F = Vault count percentage of total count
                 A         B        C        D         E       F
            +---------+---------+-------+---------+---------+-------
      Total |   21504 |   11115 |  34.1 |     224 |      50 |  18.2
            +---------+---------+-------+---------+---------+-------
        D:1 |      33 |       0 |   0.0 |      23 |       0 |   0.0
        D:2 |      45 |       0 |   0.0 |      12 |       0 |   0.0
        D:3 |      60 |       0 |   0.0 |      20 |       0 |   0.0
        D:4 |     418 |      43 |   9.3 |      21 |       1 |   4.5
        D:5 |     511 |     210 |  29.1 |      17 |       2 |  10.5
        D:6 |     340 |       0 |   0.0 |      13 |       0 |   0.0
        D:7 |    1903 |       0 |   0.0 |      23 |       0 |   0.0
        D:8 |    2074 |    5595 |  73.0 |      20 |      28 |  58.3
        D:9 |    3230 |       0 |   0.0 |      24 |       0 |   0.0
     Lair:1 |    5754 |    1193 |  17.2 |      26 |       8 |  23.5
     Lair:2 |    3469 |    2097 |  37.7 |      14 |       5 |  26.3
     Lair:3 |    3667 |    1977 |  35.0 |      11 |       6 |  35.3
            +---------+---------+-------+---------+---------+-------

Illustrated notes

Table legend:
 A = Kills in this place as a percentage of kills in entire the game.
 B = Kills by you in this place as a percentage of kills by you in the entire game.
 C = Kills by friends in this place as a percentage of kills by friends in the entire game.
 D = Other kills in this place as a percentage of other kills in the entire game.
 E = Experience gained in this place as a percentage of experience gained in the entire game.
 F = Experience gained in this place divided by the number of levels of this place that you have seen.
                   A       B       C       D       E      F
               +-------+-------+-------+-------+-------+----------------------
         Total | 100.0 | 100.0 | 100.0 | 100.0 | 100.0 | 2718.2
       Dungeon |  74.5 |  73.8 | 100.0 | 100.0 |  44.3 | 1606.9
          Lair |  25.5 |  26.2 |   0.0 |   0.0 |  55.7 | 6052.3
               +-------+-------+-------+-------+-------+----------------------

Table legend: (Time is in decaauts)
 A = Elapsed time spent in this place.
 B = Non-inter-level travel time spent in this place.
 C = Inter-level travel time spent in this place.
 D = Time resting spent in this place.
 E = Time spent auto-exploring this place.
 F = Levels seen in this place.
 G = Mean time per level.
                   A        B        C        D        E       F      G
               +--------+--------+--------+--------+--------+-----+--------+
         Total |  24813 |  23790 |   1023 |   2322 |  18713 |  12 | 2067.8 |
       Dungeon |  19009 |  18111 |    898 |   1818 |  14261 |   9 | 2112.1 |
          Lair |   5804 |   5680 |    124 |    503 |   4451 |   3 | 1934.7 |
               +--------+--------+--------+--------+--------+-----+--------+

Top non-repeatable levels by time:
     D:8: 3958 daAuts
     D:4: 2493 daAuts
  Lair:1: 2445 daAuts
  Lair:2: 2388 daAuts
     D:9: 2258 daAuts
     D:1: 1941 daAuts
     D:7: 1903 daAuts
     D:3: 1848 daAuts
     D:5: 1791 daAuts
     D:6: 1486 daAuts
     D:2: 1327 daAuts
  Lair:3: 970 daAuts
